Map: Ever Dream LE

Players

Epic - Winner!

  • Race: Terran Terran
  • League: Grandmaster
  • Spawn Location: 1:00

Mackintac

  • Race: Zerg Zerg
  • League: Grandmaster
  • Spawn Location: 7:00

Event: The Miserable Cup

VOD

Have the link to the VOD?

Description

Time

  • Played on: June 18, 2020, 11:26 a.m.
  • Length: 9:18

All games in this series

Show
View Real Time Build Order
Export as new Build Order

Epic Terran - Winner!

Build Orders: Liberator Opening 

Get SALT Encoding   

  12  0:00  SCV  
  13  0:12  SCV  
  14  0:17  Supply Depot  
  14  0:25  SCV  
  15  0:38  SCV  
  15  0:39  Barracks  
  16  0:42  Refinery  
  16  0:50  SCV  
  17  1:02  SCV  
  18  1:15  SCV  
  20  1:25  Reaper  
  20  1:27  Orbital Command  
  20  1:39  Command Center  
  20  1:46  Supply Depot  
  20  1:52  SCV  
  21  1:57  Marine  
  22  2:04  SCV  
  23  2:09  Factory  
  23  2:11  Refinery  
  23  2:16  SCV  
  23  2:19  Barracks Reactor  
  24  2:28  SCV  
  25  2:40  SCV  
  26  2:52  Orbital Command  
  26  2:53  SCV  
  26  2:56  Starport  
  27  3:02  Hellion x2  
  27  3:05  SCV  
  32  3:13  Supply Depot  
  32  3:18  SCV x2  
  34  3:24  Hellion x2  
  38  3:30  SCV x2  
  38  3:32  Medivac  
  42  3:35  Armory  
  42  3:42  SCV x2, Supply Depot  
  42  3:46  Widow Mine x2  
  48  3:55  SCV x2  
  50  4:05  Command Center  
  50  4:06  Liberator  
  53  4:11  SCV x2  
  53  4:14  Hellion  
  53  4:16  Hellion  
  59  4:20  Supply Depot  
  59  4:23  SCV x2  
  61  4:26  Barracks Tech Lab  
  61  4:36  SCV  
  62  4:42  SCV  
  62  4:43  Supply Depot  
  62  4:45  Stimpack  
  63  4:49  Barracks  
  63  4:50  Hellion x6  
  63  4:51  Barracks  
  63  4:52  SCV  
  64  4:54  SCV  
  62  5:03  Starport Reactor, Factory Tech Lab  
  58  5:08  SCV x2, Engineering Bay  
  58  5:09  Engineering Bay, Refinery  
  58  5:10  Refinery  
  60  5:18  Marine  
  60  5:19  Orbital Command  
  60  5:20  SCV x2  
  63  5:27  Siege Tank  
  66  5:33  Barracks x2  
  66  5:34  SCV x2  
  62  5:38  Marine x3  
  62  5:39  Barracks Reactor  
  65  5:44  Terran Infantry Weapons Level 1, Terran Infantry Armor Level 1  
  65  5:46  Orbital Command  
  65  5:48  SCV x2  
  67  5:52  Medivac  
  67  5:56  Marine x3  
  72  5:59  Medivac  
  72  6:00  SCV x2  
  76  6:06  Supply Depot  
  76  6:07  Supply Depot  
  76  6:12  Siege Tank  
  76  6:14  SCV x2  
  81  6:20  Barracks Reactor x2  
  81  6:21  Marine x5  
  81  6:25  SCV  
  81  6:29  SCV  
  81  6:30  SCV, Combat Shield  
  83  6:36  Supply Depot  
  83  6:37  SCV, Supply Depot  
  83  6:38  Marine  
  83  6:39  Marine x4  
  86  6:42  SCV x2  
  86  6:46  Supply Depot  
  88  6:49  SCV  
  88  6:53  Factory Reactor  
  89  6:56  Marine x5  
  89  6:57  Marine x4  
  89  6:59  SCV x2  
  100  7:01  SCV  
  100  7:07  Supply Depot x2  
  100  7:08  Supply Depot  
  101  7:14  Marine x2  
  98  7:17  Marine  
  98  7:18  Marine x6  
  63  7:22  Medivac x2  
  109  7:32  Marine x2, Widow Mine  
  109  7:33  Widow Mine  
  109  7:35  Marine  
  116  7:42  Marine x5  
  116  7:44  Command Center  
  121  7:45  Marine  
  121  7:49  Marine x2  
  121  7:50  Factory  
  124  7:53  Marine  
  124  7:54  Widow Mine x2  
  129  8:00  Marine x4  
  129  8:03  Medivac x2  
  137  8:07  SCV x3, Refinery  
  137  8:08  Refinery  
  140  8:16  Marine x5  
  140  8:18  Supply Depot, Marine x4  
  149  8:22  Widow Mine x2  
  153  8:33  Marine  
  153  8:34  Marine x3  
  154  8:40  Marauder, Marine x3  
  160  8:48  Widow Mine x3  
  159  8:57  Marine x7  
Show
View Real Time Build Order
Export as new Build Order

Mackintac Zerg 

Build Orders: Hatch First 

Get SALT Encoding   

  12  0:00  Drone  
  13  0:12  Overlord  
  13  0:16  Drone  
  14  0:30  Drone x2  
  16  0:48  Hatchery  
  15  0:51  Drone  
  15  0:55  Drone  
  17  0:59  Drone  
  18  1:10  Extractor  
  17  1:13  Spawning Pool  
  17  1:16  Drone  
  17  1:20  Drone  
  18  1:28  Drone  
  19  1:39  Drone  
  20  1:53  Overlord  
  20  2:00  Queen  
  20  2:01  Zergling x2, Queen  
  24  2:02  Zergling x2  
  26  2:12  Drone x2  
  28  2:16  Metabolic Boost  
  28  2:27  Drone x2  
  29  2:39  Hatchery  
  28  2:48  Queen  
  28  2:49  Overlord  
  30  2:58  Queen  
  32  2:59  Drone x2  
  32  3:01  Drone  
  35  3:07  Overlord  
  35  3:11  Drone  
  35  3:12  Drone  
  37  3:20  Drone x2  
  37  3:21  Drone  
  37  3:22  Drone x2  
  42  3:29  Zergling x2  
  42  3:30  Queen  
  45  3:39  Zergling x4  
  47  3:47  Queen  
  49  3:49  Overlord x2  
  49  3:55  Drone  
  50  4:06  Overlord, Queen  
  50  4:07  Queen  
  50  4:08  Zergling x8  
  58  4:10  Drone  
  58  4:12  Drone  
  60  4:23  Drone x5  
  65  4:25  Pneumatized Carapace  
  65  4:35  Spore Crawler  
  65  4:36  Spore Crawler, Drone  
  65  4:37  Drone x4  
  68  4:39  Spore Crawler  
  58  5:05  Drone  
  58  5:06  Drone x2  
  61  5:08  Drone x4  
  61  5:10  Drone x5  
  70  5:18  Drone x2  
  70  5:19  Lair  
  70  5:20  Hatchery  
  71  5:22  Extractor  
  71  5:23  Extractor  
  71  5:24  Drone x3  
  71  5:45  Drone x3  
  71  5:46  Overlord  
  71  5:47  Overlord x3  
  74  5:51  Drone, Baneling Nest  
  74  5:52  Evolution Chamber, Drone  
  74  5:53  Evolution Chamber  
  74  5:54  Drone  
  74  6:11  Drone  
  74  6:12  Drone x4  
  79  6:24  Queen  
  79  6:25  Drone x3  
  79  6:30  Drone x4  
  82  6:36  Zergling x10  
  86  6:45  Drone, Extractor  
  86  6:46  Drone  
  86  6:47  Zergling x18  
  88  6:49  Queen x2  
  88  6:51  Centrifical Hooks  
  100  6:54  Overlord  
  100  6:57  Zergling x6  
  103  7:06  Zergling x2  
  104  7:09  Overlord x3  
  97  7:19  Zergling x16  
  105  7:26  Zergling x10, Infestation Pit  
  109  7:31  Hatchery, Drone  
  109  7:39  Zergling x6  
  109  7:42  Unknown, Drone  
  109  7:43  Drone  
  113  7:45  Drone  
  113  7:46  Drone x3  
  113  7:48  Baneling  
  113  7:49  Baneling x8  
  113  7:51  Zergling x8  
  120  7:52  Baneling  
  120  7:53  Baneling x3  
  119  8:11  Drone x5  
  119  8:12  Drone x4  
  128  8:19  Overlord x2  
  128  8:33  Overlord  
  119  8:43  Zergling x28  
  126  8:55  Zergling x2  
  116  8:56  Zergling x16  
Tags
 
Add a new tag
Caveats
  • Supply blocks, unpowered buildings, or Contaminate may cause inaccurate times.
  • Supply counts are checked every 10 seconds.